 Dungeon Crawl Stone Soup version 0.29.0-13-gc9e81de378 (webtiles) character file.

Game seed: 13382408497286047026

95 LucemDeus the Sneak (level 4, -13/30 HPs)
             Began as an Octopode Brigand on Sept 10, 2022.
             Mangled by Menkaure (20 damage)
             ... on level 4 of the Dungeon.
             The game lasted 00:04:21 (3010 turns).

LucemDeus the Sneak (Octopode Brigand)              Turns: 3010, Time: 00:04:21

Health: -13/30     AC:  1    Str: 10    XL:     4   Next: 66%
Magic:  5/5        EV: 13    Int: 13    God:
Gold:   208        SH:  0    Dex: 15    Spells: 2/4 levels left

rFire   . . .      SeeInvis .   a - +2 dagger
rCold   . . .      Faith    .   (no shield)
rNeg    . . .      Spirit   .   (helmet restricted)
rPois   .          Reflect  .   (no amulet)
rElec   .          Harm     .   f - ring of willpower
rCorr   .          Rampage  .   (no ring)
Will    +....                   (no ring)
Stlth   ++++......              (no ring)
HPRegen 0.10/turn               (no ring)
MPRegen 0.09/turn               (no ring)
                                (no ring)
                                (no ring)

@: no status effects
A: almost no armour, amphibious, 8 rings, camouflage 1, gelatinous body 1,
(nimble swimmer 1), tentacles
a: no special abilities


You were on level 4 of the Dungeon.
You visited 1 branch of the dungeon, and saw 4 of its levels.

You collected 208 gold pieces.

Inventory:

Hand Weapons
 a - a +2 dagger (weapon)
 e - a +2 short sword of venom
Missiles
 b - 14 poisoned darts (quivered)
 c - 9 curare-tipped darts
Jewellery
 f - a ring of willpower (left tentacle)
Scrolls
 i - 2 scrolls of enchant armour {unknown}
 m - a scroll of amnesia
Potions
 d - a potion of resistance
 g - a potion of magic
 h - a potion of brilliance
 j - a potion of heal wounds {unknown}
 k - a potion of attraction
 l - a potion of mutation {unknown}


   Skills:
 - Level 2.4 Fighting
 + Level 2.5 Short Blades
 - Level 2.0 Throwing
 + Level 1.8 Dodging
 * Level 6.4 Stealth
 + Level 0.8 Spellcasting
 + Level 1.0 Hexes
 + Level 0.4 Ice Magic


You had 2 spell levels left.
You knew the following spells:

 Your Spells              Type           Power      Damage    Failure   Level
a - Ensorcelled Hibernat  Hex/Ice        4%         N/A       32%         2

Your spell library contained the following spells:

 Spells                   Type           Power      Damage    Failure   Level
 Passwall                 Tmut/Erth      0%         N/A       41%         2
 Tukima's Dance           Hex            3%         N/A       50%         3
 Portal Projectile        Hex/Tloc       2%         N/A       56%         3
 Stone Arrow              Conj/Erth      0%         3d7       65%         3
 Swiftness                Air            0%         N/A       65%         3
 Blade Hands              Tmut           0%         N/A       100%        5
 Lehudib's Crystal Spear  Conj/Erth      0%         10d2      100%        8
 Animate Armour           Summ/Erth      Unusable   N/A       N/A         4

Dungeon Overview and Level Annotations

Branches:
Dungeon (4/15)
 Temple: D:4-7

Altars:

Annotations:
D:4 Menkaure


Innate Abilities, Weirdness & Mutations

You cannot wear most types of armour.
You are amphibious.
You can wear up to eight rings at the same time.
Your skin changes colour to match your surroundings (Stealth+).
Your rubbery body absorbs attacks. (AC +1, EV +1)
((You are camouflaged when in or above water. (Stealth+)))
You have tentacles for arms and can constrict up to eight enemies at once.


Message History

The orc barely misses you. The orc hits you with a +0 flail!
You closely miss the orc. Your grab misses the orc.
The orc is almost dead.
The orc barely misses you. The orc closely misses you.
The orc hits you with a +0 short sword.
Menkaure, Prince of Dust comes into view.
The orc closely misses you. The orc attacks as you move away!
The orc misses you. The orc attacks as you move away!
The orc hits you with a +0 flail.
Found 13 gold pieces.
You see here 11 gold pieces.
The orc hits you with a +0 hand axe. The orc attacks as you move away!
The orc closely misses you. The giant cockroach barely misses you.
The giant cockroach completely misses you.
The giant cockroach bites you.
The giant cockroach attacks as you move away!
The giant cockroach closely misses you. The giant cockroach misses you.
The giant cockroach attacks as you move away!
The giant cockroach bites you.
* * * LOW HITPOINT WARNING * * *
The giant cockroach attacks as you move away!
The giant cockroach bites you.
* * * LOW HITPOINT WARNING * * *
The giant cockroach attacks as you move away!
The giant cockroach bites you.
* * * LOW HITPOINT WARNING * * *
The giant cockroach closely misses you.
Menkaure shouts!
The giant cockroach attacks as you move away!
The giant cockroach barely misses you.
Menkaure gestures at you while chanting.
You resist with some effort.
The giant cockroach attacks as you move away!
The giant cockroach bites you.
* * * LOW HITPOINT WARNING * * *
Menkaure hits you!!
Ouch! That really hurt!
You die...

. #.##..##..#
..###.#...##..##
......#.#.$#o..####
#.........#o#....####
#.........#.###.....##
#............#.......##
###M#######...........#
#.### #B..........# ..
#@..........# #.
##M..........#
#.###..#.........#
#................#
#.....)..........#
#........>.......#
#................#
########.........#
##.......##


You could see Menkaure, 2 orcs and a giant cockroach.

Vanquished Creatures
  A gnoll (D:1)
  3 adders
  A worm (D:2)
  2 dart slugs (D:1)
  An orc (D:3)
  5 ball pythons
  5 bats
  3 endoplasms
  3 giant cockroaches
  3 goblins
  5 hobgoblins
  3 jackals (D:3)
  4 frilled lizards (D:2)
  5 kobolds
  5 rats
  A spectral hobgoblin (D:1)
50 creatures vanquished.

Notes
Turn   | Place    | Note
-------+----------+-------------------------------------------
     0 | D:1      | LucemDeus the Octopode Brigand began the quest for the Orb.
     0 | D:1      | Reached XP level 1. HP: 14/14 MP: 1/1
   104 | D:1      | Found a faded altar of an unknown god.
   277 | D:1      | Reached XP level 2. HP: 19/19 MP: 2/2
   660 | D:1      | Reached XP level 3. HP: 24/24 MP: 3/3
   854 | D:1      | Identified a scroll of acquirement
   854 | D:1      | Acquired a ring of willpower
  1146 | D:2      | Reached skill level 6 in Stealth
  1646 | D:2      | Reached XP level 4. HP: 28/30 MP: 4/4
  1700 | D:2      | Learned a level 2 spell: Ensorcelled Hibernation
  2898 | D:4      | Reached skill level 1 in Hexes
  2988 | D:4      | Noticed Menkaure
  3010 | D:4      | Mangled by Menkaure

Illustrated notes

Levels and vault maps discovered:
D:1:      matt_arrival_refuge, layout_basic,
          dreamdust_ecumenical_altar_drowned_temple
D:2:      layout_basic, amcnicky_mini_pool_small, nicolae_hexahallways
D:3:      layout_basic
D:4:      layout_rooms, serial_shops, shop_statue, corexii_leaking_fountain,
          amethyst_killhole, minmay_checkerbox, uniq_menkaure

Skill      XL: |  1  2  3  4 |
---------------+-------------+-----
Stealth        | 6 |  6.4
Hexes          | 1 |  1.0
Fighting       | |  2.4
Short Blades   | |  2.5
Throwing       | |  2.0
Dodging        | |  1.8
Spellcasting   | |  0.8
Ice Magic      | |  0.4

Action                   |  1- 3 |  4- 6 || total
-------------------------+-------+-------++-------
Melee: Dagger            |    48 |    32 ||    80
       Tentacles         |    10 |     5 ||    15
       Constrict         |    10 |     5 ||    15
  Use: Scroll            |     1 |     7 ||     8
 Stab: Sleeping          |    16 |    11 ||    27
Armor: Skin              |       |     1 ||     1
Dodge: Dodged            |    19 |    21 ||    40
